 Dungeon Crawl Stone Soup version 0.31-a0-430-gf8416d752b (webtiles) character file.

Game seed: 11141084470295628437

137 Ethylacetat the Changeling (level 4, -2/54 HPs)
             Began as a Demigod Shapeshifter on July 31, 2023.
             Slain by a gnoll
             ... wielding a +0 spear
              (4 damage)
             ... on level 3 of the Dungeon.
             The game lasted 00:03:54 (3074 turns).

Ethylacetat the Changeling (Demigod Shapeshifter)   Turns: 3074, Time: 00:03:54

Health: -2/54      AC: 22    Str: 16    XL:     4   Next: 69%
Magic:  6/6        EV:  2    Int: 10    God:
Gold:   168        SH:  0    Dex: 18    Spells: 3/3 levels left

rFire   . .          .
                       - Unarmed
rCold   . . .        (no shield)
rNeg    . . .        n - melded +0 leather armour
rPois   +            (helmet currently unavailable)
rElec   .            (cloak currently unavailable)
rCorr   .            (gloves currently unavailable)
SInv    .            (boots currently unavailable)
Will    +....        (no amulet)
Stlth   ++           g - +4 ring of slaying
HPRegen 0.29/turn    a - ring of willpower
MPRegen 0.10/turn

%: no passive effects
@: tree-form
A: stationary, stasis, torment immunity, boosted hp, high MP 1, forlorn, divine
attributes
a: no special abilities


You were on level 3 of the Dungeon.
You were a tree.
You visited 1 branch of the dungeon, and saw 3 of its levels.

You collected 168 gold pieces.

Inventory:

Armour
 n - a +0 leather armour (melded)
Jewellery
 a - a ring of willpower (right branch)
 g - a +4 ring of slaying (left branch)
Talismans
 c - a beast talisman
Wands
 p - a wand of charming (9)
Scrolls
 e - 4 scrolls of identify {unknown}
 f - a scroll of teleportation {unknown}
 i - a scroll of poison {unknown}
 j - a scroll of enchant armour {unknown}
 k - 3 scrolls of brand weapon {unknown}
 l - 2 scrolls of vulnerability {unknown}
 o - a scroll of fear {unknown}
Potions
 d - a potion of heal wounds {unknown}
 h - 2 potions of haste {unknown}
 m - 2 potions of magic {unknown}
 q - a potion of invisibility {unknown}


   Skills:
 + Level 2.1 Fighting
 + Level 2.7 Dodging
 + Level 3.4 Unarmed Combat
 * Level 3.4 Shapeshifting


You had 3 spell levels left.
You didn't know any spells.
Your spell library contained the following spells:

 Spells                   Type           Power      Damage    Failure   Level
 Magic Dart               Conj           0%         1d3       36%         1
 Slow                     Hex            0%         N/A       36%         1
 Call Imp                 Summ           0%         N/A       50%         2
 Confusing Touch          Hex            0%         N/A       75%         3
 Mephitic Cloud           Conj/Pois/Air  0%         N/A       75%         3
 Vampiric Draining        Necr           0%         2d6       75%         3
 Haunt                    Necr/Summ      0%         N/A       100%        7
 Malign Gateway           Summ/Tloc      0%         N/A       100%        7
 Borgnjor's Revivificati  Necr           0%         N/A       100%        8
 Summon Horrible Things   Summ           0%         N/A       100%        8
 Death's Door             Necr           0%         N/A       100%        9


Dungeon Overview and Level Annotations

Branches:
Dungeon (3/15)

Annotations:
D:3 1 runed translucent door, MacCMillion's ghost, amateur MfSh


Innate Abilities, Weirdness & Mutations

You are a tree.
Your roots penetrate the ground, keeping you stationary.
You cannot be teleported.
You are immune to unholy pain and torment.
Your maximum health is greatly increased.
Your equipment is partially melded.
You have an increased reservoir of magic. (+10% MP)
You shall have no god before yourself.
Your divine heritage dramatically boosts your attributes as you level up.


Message History

The gnoll hits you with a +0 halberd.
You hit the gnoll.
The gnoll is heavily wounded.
The gnoll barely misses you. The gnoll closely misses you.
You closely miss the gnoll.
The gnoll is heavily wounded.
The gnoll hits you but does no damage. The gnoll barely misses you.
You punch the gnoll!
You kill the gnoll!
The gnoll completely misses you. The gnoll hits you with a +0 spear.
The gnoll hits you from afar with a +0 spear.
Things that are here:
a +0 halberd; a gnoll corpse You punch the gnoll!
The gnoll is severely wounded.
The gnoll closely misses you. The gnoll barely misses you.
You hit the gnoll.
You kill the gnoll!
The gnoll completely misses you. The gnoll hits you with a +0 spear!
Things that are here:
a +0 spear; a gnoll corpse You hit the gnoll.
The gnoll is lightly wounded.
The gnoll hits you with a +0 spear!
You barely miss the gnoll.
The gnoll is lightly wounded.
The gnoll hits you with a +0 spear!
* * * LOW HITPOINT WARNING * * *
You hit the gnoll but do no damage.
The gnoll is lightly wounded.
The gnoll hits you with a +0 spear.
* * * LOW HITPOINT WARNING * * *
Really quaff the potion of lignification?
Your transformation has ended.
You turn into a tree.
Your +0 leather armour melds into your body.
Your roots penetrate the ground.
The gnoll hits you with a +0 spear.
You die...

#######..# #...#######.......
'........#######.#...............
########.........#.#########.....
##........######...# #.####
##.######.######.###########.#
'..........................#.#
##.####...######.#########'#+###
##.# #...# #)# ####......#
##.######.######♣### #.##......##
........g.......g..# #(.'......'.
##........######.#.# #.##......##
#####....## #.#.###.###'#'#### #
#.##.# #.......# #.#.....
#####.##.# #...##..# #.######
.........# #...##..###.......
#####.##########...##............
#...<........................


You could see a gnoll.

Vanquished Creatures
  7 adders
  2 gnolls (D:3)
  2 worms (D:2)
  A dart slug (D:1)
  7 ball pythons (D:2)
  2 bats
  3 endoplasms
  6 goblins
  3 hobgoblins
  5 kobolds
  3 quokkas
  4 frilled lizards
  6 rats
51 creatures vanquished.

Notes
Turn   | Place    | Note
-------+----------+-------------------------------------------
     0 | D:1      | Ethylacetat the Demigod Shapeshifter began the quest for
                  | the Orb.
     0 | D:1      | Reached XP level 1. HP: 15/15 MP: 3/3
    80 | D:1      | Reached skill level 1 in Fighting
   456 | D:1      | Reached XP level 2. HP: 23/23 MP: 4/4
   956 | D:2      | Reached XP level 3. HP: 21/28 MP: 5/5
  1823 | D:3      | Reached XP level 4. HP: 19/36 MP: 6/6
  2496 | D:3      | Noticed MacCMillion's ghost (amateur MfSh)
  2500 | D:3      | Found a runed translucent door.
  3073 | D:3      | HP: 1/36 [gnoll/+0 spear (5)]
  3074 | D:3      | Slain by a gnoll

Illustrated notes

Levels and vault maps discovered:
D:1:      amcnicky_arrival_choice, layout_basic, dreamdust_princess_bridge,
          minmay_misc_feat_cross
D:2:      layout_basic, minmay_indecisive_spiral
D:3:      layout_basic, chequers_temple_overflow_minitemple,
          basic_ecumenical_altar, hellmonk_ghost_happy_afterlife

Skill      XL: |  1  2  3  4 |
---------------+-------------+-----
Fighting       | 1 2 |  2.1
Dodging        | 2 |  2.7
Unarmed Combat | 3 |  3.4
Shapeshifting  | 3 |  3.4

Action                     |  1- 3 |  4- 6 || total
---------------------------+-------+-------++-------
  Melee: Unarmed           |    93 |    30 ||   123
    Use: Potion            |       |     1 ||     1
   Stab: Sleeping          |     3 |       ||     3
         Distracted        |     1 |       ||     1
 Armour: Animal skin       |     7 |       ||     7
         Leather armour    |       |     5 ||     5
  Dodge: Dodged            |    53 |    17 ||    70

Table legend: (Time is in decaauts)
 A = Elapsed time spent in this place.
 B = Non-inter-level travel time spent in this place.
 C = Inter-level travel time spent in this place.
 D = Time resting spent in this place.
 E = Time spent auto-exploring this place.
 F = Levels seen in this place.
 G = Mean time per level.
                   A        B        C        D        E       F      G
               +--------+--------+--------+--------+--------+-----+--------+
         Total |   3066 |   3003 |     63 |    129 |   2502 |   3 | 1022.0 |
       Dungeon |   3066 |   3003 |     63 |    129 |   2502 |   3 | 1022.0 |
               +--------+--------+--------+--------+--------+-----+--------+

Top non-repeatable levels by time:
     D:3: 1152 daAuts
     D:2: 1030 daAuts
     D:1: 884 daAuts
